 Dungeon Crawl Stone Soup version 0.29-a0-284-gf9362112df (webtiles) character file.

Game seed: 7325052419654890813

43 spaghetti the Covert (level 3, -2/34 HPs)
             Began as a Naga Delver on Mar 21, 2022.
             Was an Initiate of Hepliaklqana.
             Slain by Grinder (4 damage)
             ... on level 4 of the Dungeon.
             The game lasted 00:01:34 (629 turns).

spaghetti the Covert (Naga Delver)                   Turns: 629, Time: 00:01:35

Health: -2/34      AC:  2    Str: 14    XL:     3   Next: 58%
Magic:  3/3        EV:  9    Int: 10    God:    Hepliaklqana [......]
Gold:   31         SH:  0    Dex: 14    Spells: 2/2 levels left

rFire   . . .      SeeInvis +   a - +0 short sword {short}
rCold   . . .      Faith    .   (no shield)
rNeg    . . .      Spirit   .   b - +0 leather armour
rPois   +          Reflect  .   (no helmet)
rElec   .          Harm     .   (no cloak)
rCorr   .          Rampage  .   (no gloves)
Will    .....                   (no barding)
Stlth   ++++......              (no amulet)
HPRegen 0.11/turn               (no ring)
MPRegen 0.08/turn               (no ring)

@: hasted, quick
A: AC +1, large, see invisible, deformed body, poison resistance, slowness 2,
spit poison 1, naga tail 1
a: Spit Poison, Renounce Religion


You were on level 4 of the Dungeon.
You worshipped Hepliaklqana.
Hepliaklqana was noncommittal.
You visited 1 branch of the dungeon, and saw 4 of its levels.

You collected 31 gold pieces.


Innate Abilities, Weirdness & Mutations

Your serpentine skin is tough. (AC +1)
You have supernaturally acute eyesight. (SInv)
Armour fits poorly on your strangely shaped body.
Your system is resistant to poisons. (rPois)
You cover ground very slowly.
You can spit poison.
You have a snake-like lower body.


   Skills:
 - Level 3.0 Fighting
 - Level 2.0 Short Blades
 - Level 1.5 Dodging
 + Level 9.0 Stealth


You had 2 spell levels left.
You didn't know any spells.
Your spell library was empty.

Inventory:

Hand Weapons
 a - a +0 short sword (weapon) {short}
Missiles
 i - 25 stones {throwing}
Armour
 b - a +0 leather armour (worn)
Wands
 g - a wand of digging (3)
Scrolls
 c - a scroll of fog
 e - a scroll of fear

Dungeon Overview and Level Annotations

Branches:
Dungeon (7/15)
 Temple: D:4-7

Altars:
Hepliaklqana

Annotations:
D:4 Grinder

****#######* *,,,.......###
*,,,,......5!# #,,*###.####@#
#.,##.....##.#
***##..#.......#.##
,,,....#.......#..#
,,,........_......##### *********
,,,....#.......#......#**,,,,,,,*
,,.....#.......#.####..#*,,,,,,,*
,,.....##.....##.# **,#*,,,,,,,*
,,.....####.####.# *,**,,,,,,,*


You could see Grinder.


Message History

You float gracefully downwards. 😎 HP[+20]
Your hp is fully restored (28).
You start waiting.
Done waiting.
A kobold comes into view. It is wielding a +0 short sword.
You see here an adder skeleton.
A kobold is nearby!
A kobold is nearby!
A kobold is nearby!
A kobold is nearby!
A hobgoblin comes into view.
The helpless kobold fails to defend itself.
You puncture the kobold!
You kill the kobold!
The hobgoblin shouts!
Things that are here:
a +0 short sword {short}; 2 stones {throwing} You closely miss the hobgoblin.
The hobgoblin hits you. 😕 HP[-1]
You take 1 damage, and now have 27/28 hp.
You hit the hobgoblin.
The hobgoblin hits you but does no damage.
You hit the hobgoblin but do no damage. The hobgoblin closely misses you.
You barely miss the hobgoblin. The hobgoblin hits you. 😕 HP[-5]
You take 5 damage, and now have 22/28 hp.
You barely miss the hobgoblin.
The hobgoblin hits you but does no damage.
You hit the hobgoblin. The hobgoblin hits you. 😮 HP[-1]
You take 1 damage, and now have 21/28 hp.
You closely miss the hobgoblin.
The hobgoblin closely misses you. 😕 HP[+1]
You hit the hobgoblin.
You kill the hobgoblin!
You see here a hobgoblin corpse.
Really read
d - a scroll of magic mapping {!r}?
As you read the scroll of magic mapping {!r}, it crumbles to dust.
You feel aware of your surroundings.
You sensed 1 altar.
i - 25 stones {throwing} (gained 2)
You see here a +0 short sword {short}.
An iguana comes into view. 😕 HP[+2]
You regained 2 hp, and now have 24/28 hp. 😕 HP[+1]
The helpless iguana fails to defend itself.
You impale the iguana!!
You kill the iguana!
You have reached level 3!
Your experience leads to an increase in your attributes!
Increase (S)trength, (I)ntelligence, or (D)exterity?
You feel agile. x2; Your skin feels tougher. 😕 HP[+5] MP[+1]
You now have 34 max hp (+6).
You regained 5 hp, and now have 30/34 hp.
Your mp is fully restored (3).
d - a scroll labelled SOVVUO YJEBA
As you read the scroll labelled SOVVUO YJEBA, it crumbles to dust.
It is a scroll of identify.
You don't have any unidentified items. 😕 HP[+1]
A worm comes into view.
Found a hazy altar of Hepliaklqana. 😕 HP[+1]
The helpless worm fails to defend itself.
You impale the worm!!
You kill the worm!
Your Stealth skill increases to level 9!
There is a hazy altar of Hepliaklqana here.
You coil in front of the altar of Hepliaklqana.
Hepliaklqana welcomes you!
You now have 31 gold pieces (gained 7). 😕 HP[+1] Grinder comes into view.
Grinder shouts!
Grinder hits you! 😮 HP[-9]
You take 9 damage, and now have 24/34 hp.
MASSIVE DAMAGE!! (PAUSE)
You hit Grinder but do no damage. Grinder hits you.
You writhe in agony. 😮 HP[-4]
You take 4 damage, and now have 20/34 hp.
You closely miss Grinder.
Grinder says, "FISH!"
Grinder closely misses you.
Unknown command.
You hit Grinder. Grinder hits you.
* * * LOW HITPOINT WARNING * * *
You writhe in agony.
* * * LOW HITPOINT WARNING * * *
😨 HP[-10]
You take 10 damage, and now have 10/34 hp.
MASSIVE DAMAGE!! (PAUSE)
Okay, then.
Okay, then.
You feel yourself speed up. Grinder hits you!
* * * LOW HITPOINT WARNING * * *
You writhe in agony.
You die...

Skill      XL: |  1  2  3 |
---------------+----------+-----
Stealth        | 8 9 |  9.0
Fighting       | |  3.0
Short Blades   | |  2.0
Dodging        | |  1.5

Action                   || total
-------------------------++-------
Melee: Short sword       ||    22
 Abil: Spit Poison       ||     1
  Use: Potion            ||     2
       Scroll            ||     2
 Stab: Sleeping          ||     3
Armor: Leather armour    ||     2
Dodge: Dodged            ||     9

Levels and vault maps discovered:
D:4:      layout_rooms, old_standard_altar, uniq_grinder
D:5:      layout_loops_corners, grunt_dithmenos_smoke_and_mirrors, temple_hall,
          serial_shops, nicolae_shop_crystal, minmay_misc_feat_nine_boxes,
          minmay_liquid_box, nicolae_shop_gadgets, uniq_sigmund
D:6:      layout_basic, mainiacjoe_overflow_cross_hatched
D:7:      layout_gridville, chequers_temple_overflow_statue_of_worship,
          corner_web_ring, uniq_menkaure, uniq_joseph, uniq_maggie, uniq_pikel

Notes
Turn   | Place    | Note
-------+----------+-------------------------------------------
     0 | D:5      | spaghetti the Naga Delver began the quest for the Orb.
     0 | D:5      | Reached XP level 1. HP: 21/21 MP: 1/1
     0 | D:5      | magus.rc [v1.9.6]
    53 | D:7      | Noticed a sky beast
   116 | D:5      | Noticed a scorpion
   188 | D:4      | Reached skill level 8 in Stealth
   188 | D:4      | Reached XP level 2. HP: 8/28 MP: 2/2
   188 | D:4      | HP: 7/28 [poisoned by an adder]
   590 | D:4      | Reached XP level 3. HP: 30/34 MP: 3/3
   597 | D:4      | Found a hazy altar of Hepliaklqana.
   605 | D:4      | Reached skill level 9 in Stealth
   606 | D:4      | Became a worshipper of Hepliaklqana the Forgotten
   625 | D:4      | Noticed Grinder
   629 | D:4      | HP: 2/34 [Grinder (8)]
   629 | D:4      | Slain by Grinder

Vanquished Creatures
  An iguana (D:4)
  An adder (D:4)
  A worm (D:4)
  A hobgoblin (D:4)
  A kobold (D:4)
5 creatures vanquished.

Table legend:
 A = Non-vault XP
 B = Vault XP
 C = Vault XP percentage of total XP
 D = Non-vault monster count
 E = Vault monster count
 F = Vault count percentage of total count
                 A         B        C        D         E       F
            +---------+---------+-------+---------+---------+-------
      Total |      62 |       0 |   0.0 |       5 |       0 |   0.0
            +---------+---------+-------+---------+---------+-------
        D:4 |      62 |       0 |   0.0 |       5 |       0 |   0.0
            +---------+---------+-------+---------+---------+-------

Illustrated notes

Table legend:
 A = Kills in this place as a percentage of kills in entire the game.
 B = Kills by you in this place as a percentage of kills by you in the entire game.
 C = Kills by friends in this place as a percentage of kills by friends in the entire game.
 D = Other kills in this place as a percentage of other kills in the entire game.
 E = Experience gained in this place as a percentage of experience gained in the entire game.
 F = Experience gained in this place divided by the number of levels of this place that you have seen.
                   A       B       C       D       E      F
               +-------+-------+-------+-------+-------+----------------------
         Total | 100.0 | 100.0 |   N/A |   N/A | 100.0 |  15.5
       Dungeon | 100.0 | 100.0 |   N/A |   N/A | 100.0 |  15.5
               +-------+-------+-------+-------+-------+----------------------

Table legend: (Time is in decaauts)
 A = Elapsed time spent in this place.
 B = Non-inter-level travel time spent in this place.
 C = Inter-level travel time spent in this place.
 D = Time resting spent in this place.
 E = Time spent auto-exploring this place.
 F = Levels seen in this place.
 G = Mean time per level.
                   A        B        C        D        E       F      G
               +--------+--------+--------+--------+--------+-----+--------+
         Total |    715 |    615 |    100 |    358 |    143 |   4 |  178.8 |
       Dungeon |    715 |    615 |    100 |    358 |    143 |   4 |  178.8 |
               +--------+--------+--------+--------+--------+-----+--------+

Top non-repeatable levels by time:
     D:4: 496 daAuts
     D:5: 109 daAuts
     D:6: 77 daAuts
     D:7: 30 daAuts
